AoeStats
← Cheonma

Arena

509209915Analyzed
4v4 RM · 7d ago on Sep 25, 2026· 32m 54s· 8 players
Game mode
Random Map
Map size
Large (8 player)
Population
200
Speed
Normal
Resources
Standard
Victory
Conquest
Starting age
Dark Age
Ending age
Imperial Age
RankedLock teamsTeams togetherTeam positionsShared explorationLock speedFull tech treeHidden civsTurbo modeCheats
Victory
Defeat
🇦🇷 Gurjaras · Argentina
1346
+14
🇦🇷 Spanish · Argentina
1338
+15
🇦🇷 Wei · Argentina
1329
+15
🇦🇷 Burmese · Argentina
1262
+18
🇧🇷 Persians · Brazil
1420
-19
🇧🇷 Britons · Brazil
1391
-18
🇪🇸 Malians · Spain
1381
-19
🇧🇷 Franks · Brazil
1048
-6
Edu
10:23 Feudal Age
14:26 Castle Age
12:31 Stone Mining
12:38 Double-Bit Axe
14:08 Horse Collar
16:27 Bow Saw
20:10 Fletching
21:56 Bodkin Arrow
23:43 Ballistics
23:58 Padded Archer Armor
25:32 Gold Mining
28:43 Wheelbarrow
29:15 Heavy Plow
28:53 Crossbowman
33:41 Imperial Age
32:36 Town Watch
32:39 Loom
xand3
9:55 Feudal Age
13:47 Castle Age
11:43 Double-Bit Axe
12:06 Horse Collar
14:24 Bow Saw
14:34 Heavy Plow
20:20 Bloodlines
23:56 Scale Barding Armor
24:02 Forging
Naksu
4:11 Loom
10:23 Feudal Age
10:30 Feudal Age
15:24 Castle Age
14:45 Stone Mining
15:13 Double-Bit Axe
19:41 Fletching
firefighter25
10:34 Feudal Age
14:09 Castle Age
13:19 Double-Bit Axe
13:27 Gold Mining
14:05 Horse Collar
19:51 Heavy Plow
21:09 Bow Saw
22:19 Wheelbarrow
22:51 Pikeman
23:31 Squires
23:56 Scale Mail Armor
24:06 Forging
25:56 Chain Mail Armor
27:08 Iron Casting
27:03 Hand Cart
26:57 Town Watch
30:12 Loom
Cheonma
9:59 Feudal Age
14:44 Castle Age
12:43 Horse Collar
13:30 Double-Bit Axe
16:36 Gold Mining
17:46 Pikeman
20:14 Loom
20:28 Stone Mining
24:05 Wheelbarrow
24:50 Fletching
25:33 Bodkin Arrow
25:53 Bow Saw
26:12 Town Watch
26:30 Padded Archer Armor
28:01 Leather Archer Armor
28:12 Husbandry
28:23 Bloodlines
29:43 Ballistics
30:08 Scale Barding Armor
31:31 Chain Barding Armor
31:22 Forging
33:54 Stone Shaft Mining
33:54 Gold Shaft Mining
33:20 Heavy Plow
Rocker_
9:34 Feudal Age
13:34 Castle Age
11:43 Double-Bit Axe
12:28 Loom
13:08 Gold Mining
28:04 Imperial Age
27:08 Scale Barding Armor
28:11 Siege Elephant
33:04 Wheelbarrow
RDA Infernus
10:12 Feudal Age
11:24 Loom
14:06 Castle Age
12:27 Double-Bit Axe
13:29 Padded Archer Armor
13:20 Horse Collar
15:13 Fletching
15:44 Leather Archer Armor
26:24 Bow Saw
35:19 Imperial Age
RDA Lurchoton
10:15 Feudal Age
12:09 Loom
14:34 Castle Age
13:13 Gold Mining
14:13 Horse Collar
18:04 Redemption
18:15 Sanctity
21:08 Wheelbarrow
20:48 Fervor
30:59 Gold Shaft Mining
Connection lost

Rejoining the realm…

Still unreachable

The connection could not be restored.

Session expired

The server has moved on; the page needs a fresh start.